AoeStats
← Remixi

Black Forest

509535596Analyzed
4v4 RM · 4d ago on Sep 27, 2026· 49m 6s· 8 players
Game mode
Random Map
Map size
Large (8 player)
Population
200
Speed
Normal
Resources
Standard
Victory
Conquest
Starting age
Dark Age
Ending age
Imperial Age
RankedLock teamsTeams togetherTeam positionsShared explorationLock speedFull tech treeHidden civsTurbo modeCheats
Victory
Defeat
🇨🇱 Goths · Chile
1040
+15
🇨🇱 Magyars · Chile
1037
+15
🇨🇱 Mapuche · Chile
1025
+16
🇨🇱 Italians · Chile
1013
+16
🇨🇳 Turks · China
1041
-16
🇨🇳 Mapuche · China
1039
-16
🇵🇪 Bohemians · Peru
1006
-15
🇲🇽 Saxons · Mexico
1003
-15
Jc
0:43 Loom
13:00 Feudal Age
13:47 Double-Bit Axe
19:35 Castle Age
19:13 Wheelbarrow
18:23 Horse Collar
踏天南
0:31 Loom
12:46 Feudal Age
16:59 Castle Age
16:12 Double-Bit Axe
16:12 Horse Collar
18:25 Bow Saw
18:17 Heavy Plow
20:48 Wheelbarrow
25:18 Hand Cart
24:50 Town Watch
风吹奶罩飘
6:34 Loom
11:56 Feudal Age
15:41 Castle Age
13:44 Double-Bit Axe
15:31 Horse Collar
20:02 Bow Saw
26:45 Loom
LvT | lixdicna
10:09 Feudal Age
12:22 Loom
14:47 Castle Age
12:35 Loom
13:11 Double-Bit Axe
16:13 Bow Saw
15:51 Horse Collar
19:27 Wheelbarrow
22:21 Scale Mail Armor
25:36 Chain Mail Armor
25:34 Fletching
26:07 Gold Mining
27:52 Gold Shaft Mining
28:35 Gambesons
28:50 Squires
31:36 Imperial Age
29:31 Hand Cart
30:35 Arson
31:05 Forging
30:51 Bodkin Arrow
32:11 Shield Wall
33:13 Conscription
32:32 Elite Varangian Guard
33:44 Plate Mail Armor
34:28 Pikeman
35:16 Halberdier
36:45 Iron Casting
36:12 Bracer
37:47 Elite Hearth Troop
39:08 Town Watch
42:59 Clerical Recruitment
45:17 Ballistics
45:57 Chemistry
46:29 Town Patrol
pipe
7:15 Loom
13:36 Feudal Age
14:13 Horse Collar
14:21 Double-Bit Axe
15:11 Stone Mining
21:08 Castle Age
22:19 Wheelbarrow
23:07 Bow Saw
24:17 Gold Mining
24:28 Heavy Plow
25:50 Hand Cart
25:50 Fervor
30:21 Gold Shaft Mining
31:35 Corvinian Army
35:34 Imperial Age
33:25 Scale Barding Armor
34:29 Bloodlines
34:20 Husbandry
34:43 Chain Barding Armor
36:15 Recurve Bow
36:38 Conscription
35:39 Elite Magyar Huszar
37:43 Crop Rotation
38:15 Two-Man Saw
38:22 Plate Barding Armor
44:25 Cavalier
Gekyume
0:32 Loom
11:25 Feudal Age
15:17 Castle Age
37:22 Malon
38:09 Padded Archer Armor
38:17 Fletching
39:43 Leather Archer Armor
40:37 Bodkin Arrow
41:13 Ballistics
48:47 Imperial Age
Remixi
0:27 Loom
11:32 Feudal Age
14:05 Double-Bit Axe
16:24 Castle Age
17:32 Bow Saw
19:30 Wheelbarrow
20:36 Crossbowman
21:24 Horse Collar
24:08 Gold Mining
25:02 Fletching
25:37 Hand Cart
28:34 Heavy Plow
28:30 Town Watch
32:05 Thumb Ring
32:41 Ballistics
32:28 Treadmill Crane
36:08 Imperial Age
34:02 Bodkin Arrow
35:56 Padded Archer Armor
36:23 Town Patrol
36:14 Man-at-Arms
37:06 Squires
37:11 Scale Mail Armor
37:07 Long Swordsman
37:46 Two-Handed Swordsman
37:52 Two-Handed Swordsman
39:47 Forging
39:52 Chain Mail Armor
40:04 Murder Holes
41:59 Crop Rotation
42:04 Champion
43:55 Plate Mail Armor
44:01 Iron Casting
43:49 Arson
48:03 Blast Furnace
50:02 Coinage
Lerny
2:35 Loom
12:51 Feudal Age
17:15 Castle Age
15:24 Double-Bit Axe
16:12 Horse Collar
23:38 Imperial Age
22:05 Stone Mining
22:49 Bow Saw
23:07 Gold Mining
24:59 Wheelbarrow
25:57 Heavy Plow
27:11 Squires
28:43 Scale Mail Armor
31:16 Forging
33:40 Iron Casting
34:33 Anarchy
41:07 Chemistry
41:51 Padded Archer Armor
41:41 Fletching
43:09 Conscription
42:44 Elite Huskarl
45:26 Ballistics
47:44 Perfusion
49:55 Blast Furnace
49:10 Chain Mail Armor
Connection lost

Rejoining the realm…

Still unreachable

The connection could not be restored.

Session expired

The server has moved on; the page needs a fresh start.